 Dungeon Crawl Stone Soup version 0.30-a0-949-g53dc5368d7 (webtiles) character file.

Game seed: 6652118488685111719

2639 funkygono the Cleaver (level 9, -15/78 HPs)
             Began as a Minotaur Fighter on Mar 27, 2023.
             Was an Initiate of Okawaru.
             Demolished by an orc warlord
             ... wielding a +5 battleaxe
              (36 damage)
             ... in a bailey.
             The game lasted 00:11:36 (6579 turns).

funkygono the Cleaver (Minotaur Fighter)            Turns: 6579, Time: 00:11:37

Health: -15/78     AC: 19    Str: 31    XL:     9   Next: 35%
Magic:  8/8        EV:  8    Int:  5    God:    Okawaru [......]
Gold:   523        SH:  5    Dex: 10    Spells: 8/8 levels left

rFire   . . .      SeeInvis +    a - +1 war axe (protect)
rCold   . . .      Faith    .    c - +0 buckler
rNeg    . . .      Spirit   .    h - +0 plate armour
rPois   +          Reflect  .    (helmet restricted)
rElec   .          Rampage  .    H - +0 cloak {rPois}
rCorr   .                        t - +1 pair of gloves
Will    .....                    w - +1 pair of boots Stlth
                                 (no amulet)
HPRegen 0.33/turn                u - +6 ring of strength
MPRegen 0.11/turn                v - ring of see invisible

@: no status effects
A: horns 2, retaliatory headbutt
a: Renounce Religion


You were in a bailey.
You worshipped Okawaru.
Okawaru was noncommittal.
You visited 2 branches of the dungeon, and saw 8 of its levels.
You also visited: Bailey.

You collected 523 gold pieces.

Inventory:

Hand Weapons
 a - a +1 war axe of protection (weapon)
Missiles
 l - 24 boomerangs (quivered)
 o - 3 atropa-tipped darts
 E - 3 javelins
 I - 2 throwing nets
Armour
 c - a +0 buckler (worn)
 h - a +0 plate armour (worn)
 t - a +1 pair of gloves (worn)
 w - a +1 pair of boots (worn)
 H - a +0 cloak of poison resistance (worn)
Jewellery
 b - a ring of ice
 u - a +6 ring of strength (left hand)
 v - a ring of see invisible (right hand)
 y - a ring of magical power
 B - a +6 ring of strength
 D - an amulet of the acrobat
Wands
 q - a wand of digging (13)
 x - a wand of iceblast (15)
 C - a wand of charming (12)
 G - a wand of flame (15)
Scrolls
 e - 2 scrolls of amnesia
 n - 2 scrolls of teleportation
 F - a scroll of fog
 J - a scroll of noise {unknown}
 K - a scroll of fear {unknown}
 L - 2 scrolls of blinking
Potions
 d - 4 potions of might
 f - a potion of lignification {unknown}
 g - a potion of berserk rage {unknown}
 i - 7 potions of curing
 j - 2 potions of flight
 k - 2 potions of mutation
 m - 2 potions of invisibility
 p - 2 potions of haste
 r - 4 potions of heal wounds {unknown}
 s - 2 potions of attraction
 z - 4 potions of cancellation {unknown}
 A - a potion of resistance {unknown}


   Skills:
 + Level 6.9 Fighting
 + Level 10.6 Axes
 + Level 8.2 Armour
 + Level 1.0 Dodging
 + Level 0.5 Stealth
 + Level 6.9 Shields


You had 8 spell levels left.
You didn't know any spells.
Your spell library contained the following spells:

 Spells                   Type           Power      Damage    Failure   Level
 Slow                     Hex            0%         N/A       99%         1
 Confusing Touch          Hex            0%         N/A       100%        3
 Vampiric Draining        Necr           0%         2d6       100%        3
 Storm Form               Tmut/Air       0%         N/A       100%        7
 Maxwell's Capacitive Co  Air            0%         ∞         100%        8
 Summon Lightning Spire   Summ/Air       Unusable   N/A       N/A         4

Dungeon Overview and Level Annotations

Branches:
Dungeon (7/15)             Temple (1/1) D:7          Bailey (1/1)

Altars:
Ashenzari
Cheibriados
Dithmenos
Elyvilon
Fedhas
Gozag
Hepliaklqana
Kikubaaqudgha
Makhleb
Nemelex Xobeh
Okawaru
Qazlal
Ru
Trog
Uskayaw
Vehumet
Wu Jian
Xom
Yredelemnul
The Shining One
Lugonu

Portals:
Abyss: D:5

Annotations:
D:5 2 runed translucent doors


Innate Abilities, Weirdness & Mutations

You have a pair of horns on your head.
You reflexively headbutt those who attack you in melee.


Message History

You headbutt the orc warlord!
The orc warlord is heavily wounded.
You barely miss the goblin. The goblin barely misses you.
You block the orc warlord's attack.
You barely miss the orc warlord.
The orc warlord is heavily wounded.
You slash the goblin!
You kill the goblin!
Okawaru accepts your kill.
The orc warlord hits you with a +5 battleaxe!
You closely miss the orc warlord. You headbutt the orc warlord!
The orc warlord is heavily wounded.
The orc warlord hits you with a +5 battleaxe.
You slash the orc warlord!
The orc warlord is heavily wounded.
The orc warlord hits you but does no damage.
You hit the orc warlord but do no damage.
You headbutt the orc warlord.
The orc warlord is severely wounded.
The orc warlord hits you with a +5 battleaxe!
You slash the orc warlord!
The orc warlord is severely wounded.
The orc warlord closely misses you.
You slash the orc warlord!
The orc warlord is almost dead.
The orc warlord hits you with a +5 battleaxe.
* * * LOW HITPOINT WARNING * * *
You closely miss the orc warlord. Your headbutt misses the orc warlord.
The orc warlord is almost dead.
You block the orc warlord's attack.
You closely miss the orc warlord. Your headbutt misses the orc warlord.
The orc warlord is almost dead.
The orc warlord closely misses you.
You barely miss the orc warlord.
The orc warlord is almost dead.
You block the orc warlord's attack.
You closely miss the orc warlord.
The orc warlord is almost dead.
The orc warlord hits you with a +5 battleaxe!!!
You die...

##### ##### ##...## ##...##
##.....## ##.....##
##.......#######.......##
##..8..8...........8..8..##
#.........................#
#............@............#
#...8......#'o)#......8...#
##......####~~~####......##
♣##.....#~~~~~~~~~#.....##♣
♣.##....#~.8...8.~#....##.♣
♣♣..###'###.......###'###..♣♣
♣...~~~.#~~.8...8.~~#.~~~...♣
♣♣...~~~)#~.........~#)~~~...♣♣
♣∩...~~).#~....∩....~#.~~~...∩♣


You could see an orc warlord.

Vanquished Creatures
  Pikel (D:6)
  Maggie (D:6)
  Sigmund (D:6)
  Menkaure (D:5)
  A black bear (D:5)
  3 orc warriors (Bailey)
  An ogre (D:5)
  2 centaurs
  A phantom (D:4)
  2 lemures (D:6)
  5 scorpions
  A jelly (D:7)
  Crazy Yiuf (D:6)
  A gnoll bouda (D:4)
  A hound (D:5)
  5 orc priests (D:7)
  3 iguanas
  Jessica (D:2)
  An orc wizard (D:6)
  5 gnolls
  7 adders
  A shadow imp (D:7)
  3 white imps (D:6)
  5 worms
  2 dart slugs
  15 orcs
  10 bats
  5 endoplasms
  13 giant cockroaches
  14 goblins
  5 hobgoblins
  5 jackals
  4 quokkas
  12 ball pythons
  4 frilled lizards
  22 kobolds
  9 rats
174 creatures vanquished.

Notes
Turn   | Place    | Note
-------+----------+-------------------------------------------
     0 | D:1      | funkygono the Minotaur Fighter began the quest for the Orb.
     0 | D:1      | Reached XP level 1. HP: 19/19 MP: 0/0
   195 | D:1      | Found a faded altar of an unknown god.
   353 | D:1      | Reached XP level 2. HP: 27/27 MP: 1/1
   509 | D:1      | Reached skill level 3 in Axes
   762 | D:1      | Reached XP level 3. HP: 33/33 MP: 2/2
   829 | D:2      | Found a stormy altar of Qazlal.
   831 | D:2      | Noticed Jessica
   835 | D:2      | Killed Jessica
  1028 | D:2      | Reached XP level 4. HP: 40/40 MP: 3/3
  1064 | D:2      | Reached skill level 4 in Axes
  1633 | D:3      | Reached XP level 5. HP: 46/46 MP: 4/4
  1909 | D:3      | Reached skill level 5 in Axes
  2636 | D:3      | Reached XP level 6. HP: 46/53 MP: 5/5
  2897 | D:4      | Reached skill level 6 in Axes
  2897 | D:4      | Reached skill level 5 in Armour
  3111 | D:5      | Entered Level 5 of the Dungeon
  3212 | D:5      | Reached skill level 5 in Fighting
  3249 | D:5      | Reached XP level 7. HP: 61/61 MP: 6/6
  3266 | D:5      | Identified the +0 ring mail "Yxuriy" {rPois}
  3365 | D:5      | Found a large runed translucent door.
  3375 | D:5      | Found a large runed translucent door.
  3378 | D:5      | Found a corrupted altar of Lugonu.
  3382 | D:5      | Identified the +1 robe "Pupnedgh" {+Inv rCorr Stlth+}
  3423 | D:5      | Reached skill level 5 in Shields
  3563 | D:5      | Found a one-way gate to the infinite horrors of the Abyss.
  3594 | D:5      | Noticed Menkaure
  3725 | D:5      | Reached skill level 7 in Axes
  3756 | D:5      | Killed Menkaure
  4349 | D:6      | Noticed Pikel
  4361 | D:6      | Killed Pikel
  4362 | D:6      | Reached skill level 8 in Axes
  4362 | D:6      | Reached skill level 1 in Dodging
  4362 | D:6      | Reached XP level 8. HP: 42/70 MP: 7/7
  4591 | D:6      | Found a runed translucent door.
  4592 | D:6      | Noticed Crazy Yiuf
  4851 | D:6      | Reached skill level 9 in Axes
  4916 | D:6      | Noticed Sigmund
  4921 | D:6      | Killed Sigmund
  5049 | D:6      | Noticed Maggie
  5064 | D:6      | Killed Maggie
  5065 | D:6      | Reached XP level 9. HP: 57/78 MP: 8/8
  5576 | D:6      | Killed Crazy Yiuf
  5669 | D:7      | Reached skill level 10 in Axes
  5941 | D:7      | Found a staircase to the Ecumenical Temple.
  5950 | Temple   | Entered the Ecumenical Temple
  5978 | Temple   | Became a worshipper of Warmaster Okawaru
  6168 | D:7      | Found a flagged portal.
  6182 | Bailey   | Entered a bailey
  6196 | Bailey   | Noticed an orc warlord
  6362 | Bailey   | Found a runed translucent gate.
  6365 | Bailey   | Found a runed translucent gate.
  6367 | Bailey   | Found a runed translucent gate.
  6579 | Bailey   | Demolished by an orc warlord

Illustrated notes

Levels and vault maps discovered:
D:1:      grunt_arrival_crossed_arrows, layout_basic,
          shapermc_ecumenical_altar_mp_highgroup
D:2:      minmay_roachtagon, layout_loops_ring, basic_altar, uniq_jessica
D:3:      layout_rooms
D:4:      layout_loops_ring, serial_park_tiny_2, minmay_hedge_maze
D:5:      due_chaos_kobolds, layout_loops_ring, uniq_menkaure
D:6:      layout_loops_corners, cheibrodos_sewer_entry_bend, uniq_pikel,
          uniq_crazy_yiuf_cottage, uniq_sigmund, uniq_maggie
D:7:      layout_layer_cave, nicolae_sif_muna_little_library,
          minmay_temple_entry_junction_2, enter_bailey_6, corexii_hall_statues_t
Temple:   nicolae_temple_slightly_damp_pantheon
Bailey:   bailey_axe_bossmonster_kennysheep, bailey

Skill      XL: |  1  2  3  4  5  6  7  8  9 |
---------------+----------------------------+-----
Armour         | 4 5 7 8 |  8.2
Axes           | 3 4 5 6 8 9 10 | 10.6
Fighting       | 4 5 6 |  6.9
Shields        | 4 6 |  6.9
Dodging        | 1 |  1.0
Stealth        | |  0.5

Action                     |  1- 3 |  4- 6 |  7- 9 || total
---------------------------+-------+-------+-------++-------
  Melee: War axe           |    65 |   194 |   187 ||   446
         Headbutt          |     7 |    21 |    39 ||    67
    Use: Scroll            |       |    14 |     5 ||    19
 Armour: Plate armour      |    49 |   152 |   110 ||   311
         Scale mail        |     2 |       |       ||     2
  Dodge: Dodged            |    11 |    70 |    67 ||   148
  Block: Buckler           |    13 |    59 |    49 ||   121

Table legend: (Time is in decaauts)
 A = Elapsed time spent in this place.
 B = Non-inter-level travel time spent in this place.
 C = Inter-level travel time spent in this place.
 D = Time resting spent in this place.
 E = Time spent auto-exploring this place.
 F = Levels seen in this place.
 G = Mean time per level.
                   A        B        C        D        E       F      G
               +--------+--------+--------+--------+--------+-----+--------+
         Total |   6696 |   6506 |    190 |    100 |   4804 |   9 |  744.0 |
       Dungeon |   6101 |   5930 |    171 |    100 |   4517 |   7 |  871.6 |
        Temple |    192 |    173 |     19 |      0 |    150 |   1 |  192.0 |
        Bailey |    403 |    403 |      0 |      0 |    137 |   1 |  403.0 |
               +--------+--------+--------+--------+--------+-----+--------+

Top non-repeatable levels by time:
     D:6: 1373 daAuts
     D:5: 1101 daAuts
     D:4: 852 daAuts
     D:1: 848 daAuts
     D:3: 776 daAuts
     D:2: 775 daAuts
  Bailey: 403 daAuts
     D:7: 373 daAuts
  Temple: 192 daAuts
